 Dungeon Crawl Stone Soup version 0.17-a0-1515-gfae3d72 (webtiles) character file.

100 amnekian the Ducker (level 4, 34/34 HPs)
             Began as a Merfolk Gladiator on July 12, 2015.
             Quit the game on level 2 of the Dungeon.
             The game lasted 00:11:29 (3214 turns).

amnekian the Ducker (Merfolk Gladiator)             Turns: 3214, Time: 00:11:30

Health: 34/34      AC:  4    Str: 15    XL:     4   Next: 73%
Magic:  4/4        EV: 14    Int:  8    God:
Gold:   169        SH:  0    Dex: 14    Spells: 0 memorised, 3 levels left

rFire  . . .     SeeInvis .     a - +0 trident
rCold  . . .     Clarity  .     n - +3 leather armour {rN+}
rNeg   + . .     SustAt   .     (no shield)
rPois  .         Gourm    .     c - +0 helmet
rElec  .         Spirit   .     (no cloak)
rCorr  .         Warding  .     (no gloves)
rMut   .         Rnd*Tele +     (no boots)
MR     .....                    (no amulet)
Stlth  +.........               i - ring of teleportation (curse)
                                l - -3 ring of protection (curse)

@: not resistant to hostile enchantments, very unstealthy
A: change form in water, swift swim
a: Evoke Teleportation


You were on level 2 of the Dungeon.
You were not hungry.

You visited 1 branch of the dungeon, and saw 4 of its levels.

You collected 169 gold pieces.

Inventory:

Hand weapons
 a - a +0 trident (weapon)
Missiles
 d - 4 throwing nets (quivered)
 s - 18 poisoned needles
 v - 121 stones
 x - 7 needles of sleeping
Armour
 b - a +0 leather armour
 c - a +0 helmet (worn)
 n - a +3 leather armour of positive energy (worn)
Jewellery
 g - a +2 ring of strength
 i - a cursed ring of teleportation (right hand)
 l - a cursed -3 ring of protection (left hand)
 r - an uncursed ring of fire {unknown}
Scrolls
 f - a scroll of teleportation
 h - 3 scrolls of identify
 m - 2 scrolls of fear
 p - a scroll of amnesia
Potions
 k - a potion of curing
 o - a potion of lignification
 q - a potion of heal wounds
 u - a potion of berserk rage
 w - a potion of poison
Books
 t - a book of Battle

   Spells                             Type                      Level
   a - Infusion                       Charms                       1
   b - Shroud of Golubria             Charms/Translocation         2
   c - Song of Slaying                Charms                       2
   d - Spectral Weapon                Hexes/Charms                 3
   e - Regeneration                   Charms/Necromancy            3
Comestibles
 e - 3 bread rations
 j - a slice of pizza


   Skills:
 + Level 2.8 Fighting
 + Level 5.4 Polearms
 + Level 2.0 Throwing
 + Level 0.8 Armour
 + Level 5.4 Dodging
 + Level 0.8 Stealth


You had 3 spell levels left.
You didn't know any spells.

Dungeon Overview and Level Annotations

Branches:
Dungeon (4/15)
 Temple: D:4-7

Altars:
Nemelex Xobeh

Annotations:
D:2 Sigmund


Message History

Aim: a bat (resting)
You reach to attack!
The helpless bat fails to defend itself.
You hit the bat.
The bat is severely wounded.
The bat hits you but does no damage.
Attack whom?
Press: ? - help, Dir - move target cursor, f/p - bat
Aim: a bat (severely wounded)
You reach to attack!
You barely miss the bat.
The bat is severely wounded.
The bat barely misses you. The bat closely misses you.
You puncture the bat!
You kill the bat!
Found a stone staircase leading up.
Found a metal-bound book.
t - a book of Battle Read which item? (? for menu, Esc to quit)
Unknown command.
Are you sure you want to abandon this character and quit the game? (Confirm with "yes".)

###........##.#######........#
.# ..#..>........# #........#
. ###.......##### #........# #
#.......# #........# #.......#
#........# #...."..#
#####........#
#.......#######............ #
#...............###........ #
######.#.#####@.# ######.## #
...#####..# ... # ...##.....#
## # .?.##.###.. # #.# #.##
#############.#####
...##.#....##.....#
.#.##.#.##.##..##.#
.#.##...##.....##.#


There were no monsters in sight!

Vanquished Creatures
  Ijyb (D:2)
  An adder (D:2)
  A worm (D:3)
  2 giant geckos
  2 orcs (D:3)
  7 bats
  3 giant cockroaches
  8 hobgoblins
  3 jackals (D:1)
  9 kobolds
  A giant gecko skeleton (D:3)
  4 giant newts
  7 goblins
  6 rats
55 creatures vanquished.

Notes
Turn   | Place    | Note
--------------------------------------------------------------
     0 | D:1      | amnekian the Merfolk Gladiator began the quest for the Orb.
     0 | D:1      | Reached XP level 1. HP: 16/16 MP: 1/1
   326 | D:1      | Reached XP level 2. HP: 22/22 MP: 2/2
   779 | D:1      | Reached XP level 3. HP: 27/27 MP: 3/3
  1010 | D:2      | Reached skill level 5 in Polearms
  1079 | D:2      | Noticed Sigmund
  1613 | D:2      | Reached skill level 5 in Dodging
  1647 | D:2      | HP: 1/28 [poisoned by a kobold]
  1883 | D:2      | Found a sparkling altar of Nemelex Xobeh.
  2104 | D:3      | Reached XP level 4. HP: 34/34 MP: 4/4
  2350 | D:3      | Found a faded altar to an unknown god.
  2813 | D:2      | Noticed Ijyb
  2861 | D:2      | Killed Ijyb
  3214 | D:2      | Quit the game

Vault maps used:
D:1:      minmay_arrival_five_plusses, serial_curves, eino_curves_01,
          eino_curves_03
D:2:      first_bread, serial_bayou_pond_a, nemelex_lonely_heart_becter,
          uniq_sigmund, uniq_iyjb
D:3:      ecumenical_altar_2
D:4:      grunt_gozag_statues, nicolae_dithmenos_shadow_blocks, uniq_edmund

Action                   |  1- 3 |  4- 6 || total
-------------------------+-------+-------++-------
Melee: Trident           |   125 |    73 ||   198
  Use: Potion            |     2 |       ||     2
       Scroll            |       |     8 ||     8
 Stab: Sleeping          |     1 |     1 ||     2
       Distracted        |       |     1 ||     1
  Eat: Chunk             |     4 |     3 ||     7
